 Dungeon Crawl Stone Soup version 0.22-a0-248-gc8378ba (webtiles) character file.

2249364 kuniqs the Slayer (level 25, 272/272 HPs)
             Began as a Deep Dwarf Fighter on Feb 28, 2018.
             Was the Champion of Makhleb.
             Escaped with the Orb
             ... and 3 runes!
             The game lasted 01:37:41 (39681 turns).

kuniqs the Slayer (Deep Dwarf Fighter)             Turns: 39681, Time: 01:37:42

Health: 272/272    AC: 52    Str: 39    XL:     25   Next: 66%
Magic:  10/10      EV: 27    Int: 12    God:    Makhleb [******]
Gold:   5407       SH: 34    Dex: 22    Spells: 24/24 levels left

rFire    + + .     SeeInvis +   h - +12 broad axe of Woe {flame, Dex+4}
rCold    + . .     Gourm    .   K - +4 large shield
rNeg     + . .     Faith    .   q - +12 gold dragon scales
rPois    +         Spirit   .   u - +2 helmet
rElec    +         Reflect  +   Y - +1 cloak "Qihimat" {rElec SInv}
rCorr    .         Harm     .   W - +2 pair of gloves {Dex+3}
MR       +++..                  Q - +0 pair of boots of the Arcane {*Contam rF+ Str+9 Dex+3}
Stlth    ..........             N - +3 amulet of reflection
HPRegen  0.00/turn              R - ring "Rikopoc" {+Inv +Fly rPois AC+5 Int-3}
MPRegen  0.12/turn              k - +4 ring of evasion

@: non-regenerating
A: damage resistance, heal wounds, clever 2, low mp 2, negative energy
resistance 1, sense surroundings 3, poison resistance, subdued magic 1, no
regeneration
0: Orb of Zot
}: 3/15 runes: serpentine, barnacled, silver
a: Heal Wounds, Minor Destruction, Lesser Servant of Makhleb, Major Destruction,
Greater Servant of Makhleb, Renounce Religion, Evoke Invisibility, Evoke Flight


You escaped.
You worshipped Makhleb.
Makhleb was exalted by your worship.
You were full.

You visited 10 branches of the dungeon, and saw 50 of its levels.
You also visited: Labyrinth, Trove, Ice Cave, Wizlab and Desolation.

You collected 7036 gold pieces.
You spent 1629 gold pieces at shops.

Inventory:

Hand Weapons
 h - the +12 broad axe of Woe (weapon) {flame, Dex+4}
   (You found it in a treasure trove)

   It has been specially enchanted to burn those struck by it, causing extra
   injury to most foes and up to half again as much damage against particularly
   susceptible opponents.
   Big, fiery blades are also staple armaments of hydra-hunters.
   It affects your dexterity (+4).
Missiles
 I - 4 throwing nets (quivered)
Armour
 q - +12 gold dragon scales (worn)
 u - a +2 helmet (worn)
 K - a +4 large shield (worn)
 Q - the +0 pair of boots of the Arcane (worn) {*Contam rF+ Str+9 Dex+3}
   (You bought it in a shop on level 2 of the Orcish Mines)

   It affects your strength (+9).
   It affects your dexterity (+3).
   It protects you from fire.
   It causes magical contamination when unequipped.
 W - a +2 pair of gloves of dexterity (worn)
 Y - the +1 cloak "Qihimat" (worn) {rElec SInv}
   (You found it in a wizard's laboratory)

   It insulates you from electricity.
   It lets you see invisible.
Jewellery
 k - a +4 ring of evasion (right hand)
 N - a +3 amulet of reflection (around neck)
 R - the ring "Rikopoc" (left hand) {+Inv +Fly rPois AC+5 Int-3}
   (You found it on level 3 of the Elven Halls)

   [ring of protection]

   It affects your AC (+5).
   It affects your intelligence (-3).
   It protects you from poison.
   It lets you turn invisible.
   It lets you fly.
 V - an uncursed ring of protection from fire
Wands
 a - a wand of random effects (117)
 c - a wand of iceblast (30)
 j - a wand of paralysis (32)
 l - a wand of clouds (5)
 B - a wand of flame (95)
 E - a wand of digging (45)
 H - a wand of acid (54)
 L - a wand of polymorph (22)
 O - a wand of disintegration (66)
 P - a wand of scattershot (16)
Scrolls
 g - 7 scrolls of fear
 n - 6 scrolls of immolation
 p - 3 scrolls of enchant weapon
 t - 6 scrolls of blinking
 w - a scroll of magic mapping
 z - 12 scrolls of teleportation
 A - 17 scrolls of remove curse {@r2}
 J - 9 scrolls of identify {@r1}
 M - 2 scrolls of silence
 S - 3 scrolls of fog
Potions
 b - 4 potions of resistance
 d - 5 potions of might
 e - 21 potions of heal wounds
 i - 3 potions of mutation
 o - 9 potions of lignification
 r - a potion of berserk rage
 s - 12 potions of curing {@q1}
 x - 6 potions of agility
 C - 2 potions of invisibility
 D - 5 potions of cancellation
 T - 4 potions of ambrosia
 U - 2 potions of flight
Miscellaneous
 G - a lamp of fire
Comestibles
 f - 69 rations


   Skills:
 + Level 25.0 Fighting
 - Level 18.0 Axes
 - Level 20.0 Armour
 - Level 20.0 Dodging
 - Level 20.0 Shields
 - Level 6.0 Invocations


You had 24 spell levels left.
You didn't know any spells.

Dungeon Overview and Level Annotations

Branches:
Dungeon (15/15)            Temple (1/1) D:4            Lair (6/6) D:11
 Shoals (4/4) Lair:3        Snake (4/4) Lair:2        Slime (0/5) Lair:5
    Orc (2/2) D:12            Elf (3/3) Orc:2        Vaults (5/5) D:14
  Crypt (0/3) Vaults:2     Depths (5/5) D:15            Zot (5/5) Depths:5

Altars:
Ashenzari
Cheibriados
Dithmenos
Elyvilon
Fedhas
Gozag
Hepliaklqana
Kikubaaqudgha
Makhleb
Nemelex Xobeh
Okawaru
Qazlal
Ru
Sif Muna
Trog
Uskayaw
Vehumet
Wu Jian
Xom
Yredelemnul
Zin
The Shining One
Beogh
Jiyva

Shops:
D:4 %   D:8 [   Orc:2 *([(   Elf:3 !   Snake:3 =}}   Vaults:4 [(?   Depths:1 [?

Portals:
Hell: Depths:5
Abyss: Depths:5

Annotations:
Lair:5 1 runed door
Shoals:3 exclusion: Roxanne, Roxanne
Elf:2 5 runed doors
Zot:4 exclusion: 2 lightning spires


Innate Abilities, Weirdness & Mutations

You are resistant to damage.
You can heal yourself by infusing magical energy.
You resist negative energy. (rN+)
You passively map a large area around you.
You do not regenerate.
Your mind is very acute. (Int +4)
Your magical capacity is very low. (-20% MP)
Your system is resistant to poisons. (rPois)
Your spells are a little easier to cast, but a little less powerful.


Message History

You block the ufetubus's attack. x2
You slash the ufetubus! You burn the ufetubus.
You kill the ufetubus!
You slice the ynoxinul!! You burn the ynoxinul.
You kill the ynoxinul!
Makhleb accepts your kill.
The ufetubus disappears in a puff of smoke!
No target in view!
No target in view!
No target in view!
No target in view!
No target in view!
(D) Dungeon (T) Temple (L) Lair (A) Shoals (P) Snake Pit (M) Slime Pits (O) Orcish Mines (E) Elven Halls (V) Vaults (C) Crypt (U) Depths (H) Hell (Z) Zot
Where to? (Enter - D:1 @ (x,y), ? - help)
A large abomination comes into view.
There is a staircase leading out of the dungeon here.
You have escaped!

##.........#..#....####.###.#####
.'.........)...#...............#.
##.........#...#...............#.
##.........####......##.......#.
##.....#...........####...(#...
####....##...........##.##...#.##
............###.##.....##).....#
#....#.....##.....#........#.###
#....#....#.....@.##.......#.#
#....#.....##.....#....X.....#
............###.##.....##....#
####.....#...........##.##.#.#
#....................####..#.####
..####.##...####......##...#.##..
### #.##..#...#..###....###.....
#.##......#.## #..### ####.#
#.###.#..#..# ##.## #.#


There were no monsters in sight!

Vanquished Creatures
  4 orbs of fire (Zot:5)
  A juggernaut (Depths:5)
  Mara (Shoals:4)
  2 ancient liches (Zot:5)
  A pandemonium lord (D:15)
  Sojobo (Depths:5)
  Margery (Depths:5)
  Bai Suzhen (Shoals:3)
  5 Killer Klowns (Zot:5)
  Saint Roka (Orc:1)
  A curse toe (Zot:2)
  A caustic shrike (Depths:5)
  3 golden dragons
  Nikola (Shoals:4)
  A profane servitor (Zot:5)
  An electric golem (Zot:5)
  12 tentacled monstrosities
  A Hell Sentinel (D:15)
  Jorgrun (Depths:5)
  24 Orb Guardians
  4 titans
  A lich (D:15)
  A quicksilver dragon (Zot:5)
  3 death cobs
  A deep elf master archer (Elf:3)
  Polyphemus (Shoals:2)
  2 deep elf blademasters (Elf:3)
  6 sphinxes
  An eldritch tentacle (WizLab)
  A kraken (Shoals:2)
  Agnes (Snake:3)
  10 storm dragons
  3 draconian monks
  5 shadow dragons
  Ilsuiw (Shoals:4)
  8 nagarajas
  Donald (Vaults:2)
  Kirke (Snake:3)
  5 tengu reavers (Vaults:5)
  2 draconian knights
  A balrug (WizLab)
  6 frost giants
  7 fire giants
  Aizul (Snake:1)
  An orc warlord (Vaults:4)
  An imperial myrmidon (Desolation)
  4 deep elf sorcerers (Elf:3)
  7 draconian scorchers
  2 deep elf elementalists (Vaults:5)
  An iron dragon (Depths:5)
  A ghost moth (Zot:4)
  25 vault wardens
  A cacodemon (D:1)
  A draconian stormcaller (Zot:5)
  4 war gargoyles
  2 draconian shifters
  17 ironheart preservers
  The ghost of KristoblXynda the Fencer, a journeyman DrGl of Ashenzari (Lair:6)
  2 draconian annihilators (Zot:3)
  2 spriggan defenders (Depths:5)
  5 very ugly things
  An entropy weaver (Vaults:3)
  4 vampire knights (Depths:5)
  11 stone giants
  10 deep elf demonologists
  2 green draconians (Zot:5)
  5 black draconians
  Azrael (Snake:3)
  The ghost of Ratty the Eclecticist, a journeyman DEFE of Ru (Lair:6)
  The ghost of Fingolfin the Destroyer, a journeyman DgCj (Lair:6)
  A corrupter (Zot:3)
  A spark wasp (Zot:4)
  6 deep elf annihilators
  A lorocyproca (D:3)
  2 halazid warlocks (Desolation)
  4 yellow draconians
  7 red draconians
  4 white draconians
  2 purple draconians (Zot:5)
  4 deep elf death magi
  3 ettins
  2 merfolk javelineers (Shoals:4)
  8 merfolk impalers
  2 green deaths (Snake:1)
  3 crystal guardians (Desolation)
  6 fire dragons
  14 yaktaur captains
  2 ragged hierophants (Desolation)
  9 ogre magi
  A fire dragon (shapeshifter) (Vaults:4)
  2 deep elf high priests (Elf:3)
  3 rakshasas
  9 great orbs of eyes
  13 naga warriors
  5 ice dragons
  3 catoblepae
  2 servants of whispers (Desolation)
  2 peacekeepers (Desolation)
  A hydra (Lair:6)
  A hell beast (Depths:1)
  A death knight (Vaults:4)
  2 centaur warriors (Vaults:3)
  3 anacondas
  A spriggan air mage (Depths:5)
  7 merfolk aquamancers
  6 merfolk avatars
  9 deep troll shamans
  46 vault guards
  2 alligator snapping turtles
  2 death yaks (Shoals:2)
  28 two-headed ogres
  A thrashing horror (WizLab)
  2 titan zombies
  4 tengu warriors
  4 deep troll earth magi
  A satyr (Shoals:2)
  11 dancing weapons
  A shock serpent (shapeshifter) (Elf:2)
  A vampire mage (Depths:5)
  4 shock serpents
  9 naga sharpshooters
  14 deep elf knights
  2 orc high priests (Orc:2)
  3 salamander mystics
  A soul eater (Zot:5)
  A shadow wraith (WizLab)
  14 skeletal warriors
  7 hell knights
  4 iron trolls
  18 sea snakes
  2 shadow demons
  5 sixfirhies
  14 deep trolls
  5 wizards
  3 glowing orange brains
  A golden dragon zombie (Vaults:5)
  2 torturous demonspawn
  6 unseen horrors
  A gelid demonspawn (Zot:3)
  An obsidian statue (WizLab)
  15 deep elf archers
  2 tengu zombies
  3 phantasmal warriors
  A golden dragon skeleton (D:15)
  8 necromancers
  12 orc knights
  21 ironbrand convokers
  11 naga ritualists
  18 ugly things
  19 harpies
  An orb spider (shapeshifter) (Vaults:3)
  53 deep elf magi
  8 mana vipers
  5 orc sorcerers
  A worldbinder (WizLab)
  6 cyclopes
  13 fauns
  A stone giant zombie (D:15)
  16 manticores
  15 salamanders
  5 wolf spiders
  A frost giant skeleton (Vaults:4)
  14 elephants (Lair:6)
  5 moths of wrath (Zot:5)
  39 black mambas
  10 merfolk sirens
  A fire giant skeleton (D:15)
  A black mamba (shapeshifter) (Vaults:1)
  A rust devil (D:15)
  A stone giant skeleton (Vaults:4)
  13 vault sentinels
  7 guardian serpents
  23 naga magi
  8 water nymphs
  An elephant (shapeshifter) (Depths:5)
  2 molten gargoyles (Lair:3)
  7 spiny frogs
  2 gargoyles
  A torpor snail (Lair:6)
  A yaktaur zombie (Vaults:5)
  2 rime drakes (Lair:6)
  A rime drake (shapeshifter) (Vaults:1)
  5 freezing wraiths
  An efreet (WizLab)
  57 yaktaurs
  12 komodo dragons
  2 polar bears
  An ice devil (D:15)
  An ancient zyme (WizLab)
  29 merfolk
  3 tengu conjurers
  A meliai (shapeshifter) (Depths:1)
  7 wind drakes
  A troll (shapeshifter) (Vaults:3)
  20 saltlings
  A wind drake (shapeshifter) (Vaults:5)
  A tengu simulacrum (Vaults:3)
  10 trolls
  6 hornets
  6 blink frogs
  A raiju (WizLab)
  17 slime creatures
  2 dream sheep (Shoals:4)
  9 hippogriffs
  A meliai zombie (D:10)
  8 snapping turtles
  2 spriggans (shapeshifter)
  4 wraiths
  4 shadows
  A redback (Lab)
  2 ynoxinuls
  4 air elementals
  A human (D:7)
  8 wyverns
  2 yaks (shapeshifter)
  10 hogs
  11 water elementals
  43 yaks
  Grum (D:8)
  2 golden eyes (shapeshifter)
  7 basilisks
  4 fire elementals
  5 hungry ghosts
  4 vampire mosquitoes (D:14)
  5 wargs
  A swamp worm (shapeshifter) (Vaults:2)
  36 nagas
  2 spatial vortices (WizLab)
  3 acid dragons
  2 hell hounds (Snake:3)
  2 floating eyes (shapeshifter)
  A tengu skeleton (WizLab)
  5 porcupines
  10 water moccasins
  53 orc warriors
  2 hornet zombies
  2 sky beasts
  2 floating eyes (Depths:5)
  9 ice beasts
  An eye of draining (D:15)
  5 black bears
  A black bear (shapeshifter) (Vaults:2)
  A necrophage (D:7)
  26 ogres
  3 phantoms
  5 boggarts
  7 wolves
  A tengu (shapeshifter) (Elf:3)
  8 centaurs
  9 crocodiles
  2 big kobolds
  18 bullfrogs
  5 earth elementals
  A wyvern skeleton (D:12)
  3 human simulacra
  7 scorpions
  8 wights
  2 howler monkeys
  An electric eel (Elf:3)
  3 crimson imps
  3 centaur zombies
  12 lava snakes
  4 bullfrog zombies
  5 centaur skeletons
  3 quasits
  6 hounds
  32 orc wizards
  33 orc priests
  6 jellies
  2 bullfrog skeletons
  8 iguanas
  Terence (D:3)
  6 hell rats (Lair:2)
  16 worker ants
  3 lightning spires (Zot:4)
  3 hound skeletons
  A worker ant zombie (D:9)
  3 gnolls (D:7)
  2 howler monkey skeletons
  18 adders
  7 shadow imps
  2 oozes
  2 adder zombies
  3 adder skeletons
  3 worms (D:2)
  8 dart slugs
  11 leopard geckos
  168 orcs
  5 giant cockroaches
  13 goblins
  9 hobgoblins
  8 jackals
  12 kobolds
  6 quokkas
  6 ball pythons
  19 bats
  4 frilled lizards
  13 rats
  4 fungi
  10 plants
  3 tentacles (Shoals:2)
  A withered plant (D:15)
2050 creatures vanquished.

Vanquished Creatures (collateral kills)
  An orc warlord (Orc:2)
  A minotaur (Lab)
  Harold (D:11)
  A wind drake (Lair:6)
  An orc priest (Orc:2)
  An orc (Orc:1)
6 creatures vanquished.

Vanquished Creatures (others)
  A deep elf master archer (Elf:3)
  2 tengu reavers (Depths:5)
  A stone giant (Vaults:5)
  An ironheart preserver (Vaults:2)
  A deep elf death mage (Depths:5)
  A merfolk javelineer (Depths:1)
  5 yaktaur captains
  A satyr (Shoals:4)
  2 naga sharpshooters (Snake:4)
  A hell knight (Depths:5)
  A necromancer (Depths:1)
  A deep elf archer (Elf:2)
  2 cyclopes
  An ugly thing (Vaults:2)
  A deep elf mage (Elf:2)
  3 fauns
  A centaur skeleton (D:14)
  7 yaktaurs
  2 merfolk (Shoals:4)
  A naga (Snake:4)
  An orc warrior (Orc:2)
  A centaur (Shoals:3)
  A jelly (D:13)
  A ball lightning (Zot:4)
  2 orcs (Orc:2)
  30 fungi
  16 plants
  5 tentacles (Shoals:2)
  4 withered plants (D:15)
97 creatures vanquished.

Grand Total: 2153 creatures vanquished

Notes
Turn   | Place    | Note
-------+----------+-------------------------------------------
     0 | D:1      | kuniqs the Deep Dwarf Fighter began the quest for the Orb.
     0 | D:1      | Reached XP level 1. HP: 20/20 MP: 1/1
    59 | D:1      | Reached XP level 2. HP: 22/27 MP: 2/2
   248 | D:1      | Reached skill level 1 in Dodging
   446 | D:1      | Reached XP level 3. HP: 24/33 MP: 3/3
   557 | D:1      | Reached skill level 3 in Fighting
   955 | D:2      | Found a sacrificial altar of Ru.
  1215 | D:2      | Reached XP level 4. HP: 38/42 MP: 4/4
  1372 | D:2      | Found a glowing golden altar of the Shining One.
  1618 | D:2      | Got a translucent falchion {protect}
  1619 | D:2      | Identified the +8 falchion of the Endless Expanse {protect, +Fly rPois rF- Int-2} (You took it off a goblin on level 2 of the Dungeon)
  1787 | D:3      | Reached XP level 5. HP: 47/49 MP: 5/5
  1882 | D:3      | Noticed Terence
  1888 | D:3      | Killed Terence
  2276 | D:3      | Found a bloodstained altar of Trog.
  2375 | D:4      | Reached XP level 6. HP: 46/57 MP: 5/5
  2572 | D:4      | Reached skill level 4 in Fighting
  2625 | D:4      | Reached XP level 7. HP: 51/64 MP: 6/6
  2773 | D:4      | Reached skill level 5 in Shields
  2775 | D:4      | Reached skill level 5 in Armour
  2801 | D:4      | Found a staircase to the Ecumenical Temple.
  2815 | D:4      | Found Imabib's Food Shoppe.
  2844 | Temple   | Entered the Ecumenical Temple
  2851 | Temple   | Became a worshipper of Makhleb the Destroyer
  3507 | D:5      | Entered Level 5 of the Dungeon
  3536 | D:5      | Reached skill level 1 in Invocations
  3741 | D:5      | Reached * piety under Makhleb
  4074 | D:6      | Reached XP level 8. HP: 60/73 MP: 6/6
  4287 | D:6      | Reached skill level 5 in Axes
  4369 | D:6      | Reached skill level 5 in Fighting
  5214 | D:7      | Reached skill level 5 in Dodging
  5219 | D:7      | Reached ** piety under Makhleb
  5304 | D:7      | Gained mutation: You passively map the area around you. [Deep Dwarf growth]
  5304 | D:7      | Reached XP level 9. HP: 53/81 MP: 9/9
  5328 | D:7      | Found a radiant altar of Vehumet.
  5332 | D:7      | Found a shimmering altar of Xom.
  5516 | D:7      | Reached skill level 5 in Invocations
  5717 | D:8      | Reached skill level 6 in Fighting
  5780 | D:8      | Noticed Grum
  5798 | D:8      | Killed Grum
  5838 | D:8      | Reached XP level 10. HP: 89/91 MP: 10/10
  5841 | D:8      | Found a shadowy altar of Dithmenos.
  5872 | D:8      | Found an opulent altar of Gozag.
  5979 | D:8      | Found a glowing silver altar of Zin.
  6008 | D:8      | Reached *** piety under Makhleb
  6020 | D:8      | Found Vas Oxky's Armour Shoppe.
  6027 | D:8      | Bought a +2 helmet for 198 gold pieces
  6503 | D:9      | Noticed a two-headed ogre
  6526 | D:9      | Killed a two-headed ogre
  6607 | D:9      | Noticed a two-headed ogre
  6617 | D:9      | Killed a two-headed ogre
  6617 | D:9      | Reached skill level 7 in Fighting
  7190 | D:10     | Entered Level 10 of the Dungeon
  7273 | D:10     | Noticed a two-headed ogre
  7314 | D:10     | Killed a two-headed ogre
  7314 | D:10     | Reached XP level 11. HP: 68/100 MP: 11/11
  7360 | D:10     | Noticed an unseen horror
  7389 | D:10     | Killed an unseen horror
  7422 | D:10     | Found a portal to a secret trove of treasure.
  7537 | D:10     | Reached **** piety under Makhleb
  8099 | D:11     | Found a staircase to the Lair.
  8190 | D:11     | Noticed Harold
  8209 | D:11     | Killed Harold
  8620 | D:11     | Noticed an unseen horror
  8621 | D:11     | Reached skill level 8 in Fighting
  8629 | D:11     | Killed an unseen horror
  8654 | D:11     | Noticed a brown ugly thing
  8677 | D:11     | Killed a brown ugly thing
  8775 | D:11     | Found the +7 Singing Sword
  8935 | D:11     | Reached ***** piety under Makhleb
  8938 | D:11     | Noticed a purple ugly thing
  8960 | D:11     | Killed a purple ugly thing
  9239 | Lair:1   | Entered Level 1 of the Lair of Beasts
  9468 | Lair:1   | Reached skill level 10 in Armour
  9607 | Lair:1   | Reached skill level 10 in Shields
  9607 | Lair:1   | Reached XP level 12. HP: 41/112 MP: 11/11
  9902 | Lair:2   | Found a staircase to the Snake Pit.
  9949 | Lair:2   | You fall through a shaft!
 10075 | Lair:3   | Reached skill level 10 in Axes
 10118 | Lair:2   | Found a labyrinth entrance.
 10127 | Lab      | Entered a labyrinth
 10317 | Lab      | Reached skill level 9 in Fighting
 10404 | Lab      | Noticed a minotaur
 10418 | Lab      | Killed a minotaur
 10418 | Lab      | Reached skill level 10 in Dodging
 10499 | Lair:2   | Found a bloodstained altar of Trog.
 11834 | Lair:3   | Found a staircase to the Shoals.
 12843 | Lair:5   | Noticed a catoblepas
 12864 | Lair:5   | Killed a catoblepas
 12864 | Lair:5   | Reached XP level 13. HP: 87/121 MP: 12/12
 13309 | Lair:5   | Found a runed door.
 13309 | Lair:5   | Found a viscous altar of Jiyva.
 13309 | Lair:5   | Found a staircase to the Slime Pits.
 13309 | Lair:5   | Noticed an acid blob
 13309 | Lair:5   | Noticed an acid blob
 13345 | Lair:6   | Entered Level 6 of the Lair of Beasts
 13353 | Lair:6   | Noticed Fingolfin's ghost (journeyman DgCj)
 13421 | Lair:6   | Killed Fingolfin's ghost
 13606 | Lair:6   | Reached ****** piety under Makhleb
 13606 | Lair:6   | Reached skill level 10 in Fighting
 13610 | Lair:6   | Noticed KristoblXynda's ghost (journeyman DrGl)
 13710 | Lair:6   | Killed KristoblXynda's ghost
 13832 | Lair:6   | Noticed Ratty's ghost (journeyman DEFE)
 13849 | Lair:6   | Killed Ratty's ghost
 13989 | Lair:6   | Gained mutation: You resist negative energy. (rN+) [Deep Dwarf growth]
 13989 | Lair:6   | Reached XP level 14. HP: 133/133 MP: 13/13
 14974 | D:12     | Found a roughly hewn altar of Beogh.
 14974 | D:12     | Found a staircase to the Orcish Mines.
 15880 | D:14     | Paralysed by a wizard for 4 turns
 16020 | D:14     | Reached skill level 11 in Fighting
 16138 | D:14     | Found a gate to the Vaults.
 16226 | D:14     | Found a frozen archway.
 16245 | IceCv    | Entered an ice cave
 16279 | IceCv    | Found a transporter.
 16285 | IceCv    | Identified a scroll of acquirement
 16846 | Orc:1    | Entered Level 1 of the Orcish Mines
 17089 | Orc:2    | Entered Level 2 of the Orcish Mines
 17112 | Orc:2    | Noticed Saint Roka
 17167 | Orc:1    | Killed Saint Roka
 17167 | Orc:1    | Reached XP level 15. HP: 71/142 MP: 11/11
 17396 | Orc:2    | Found a roughly hewn altar of Beogh.
 17411 | Orc:2    | Found a roughly hewn altar of Beogh.
 17513 | Orc:2    | Found a roughly hewn altar of Beogh.
 17598 | Orc:2    | Found a staircase to the Elven Halls.
 17734 | Orc:2    | Noticed an orc warlord
 17782 | Orc:2    | Killed an orc warlord
 17840 | Orc:2    | Found Caugytiu's Antique Armour Boutique.
 17906 | Orc:2    | Found Zekaehad's Antique Weapon Shop.
 17907 | Orc:2    | Found a roughly hewn altar of Beogh.
 17929 | Orc:2    | Bought a pair of steaming boots for 294 gold pieces
 17930 | Orc:2    | Identified the cursed +0 pair of boots of the Arcane {*Contam rF+ Str+9 Dex+3} (You bought it in a shop on level 2 of the Orcish Mines)
 17982 | Orc:2    | Found a roughly hewn altar of Beogh.
 18036 | Orc:2    | Found a roughly hewn altar of Beogh.
 18037 | Orc:2    | Found Daploare's General Store.
 18064 | Orc:2    | Bought a scroll of enchant weapon for 90 gold pieces
 18157 | Orc:2    | Found a roughly hewn altar of Beogh.
 18161 | Orc:2    | Found Uzyu's Antique Weapon Emporium.
 18257 | D:15     | Entered Level 15 of the Dungeon
 18782 | D:15     | Found a bloodstained altar of Trog.
 18874 | D:15     | Found a staircase to the Depths.
 19409 | Snake:1  | Entered Level 1 of the Snake Pit
 19562 | Snake:1  | Reached skill level 12 in Fighting
 19657 | Snake:1  | Noticed Aizul
 19680 | Snake:1  | Killed Aizul
 19688 | Snake:1  | Found a runed door.
 19821 | Snake:1  | Got a clouded bone ring
 19822 | Snake:1  | Identified the ring of Astuiz {rF+ rN+ MR- Int+6} (You found it on level 1 of the Snake Pit)
 20173 | Snake:2  | Reached XP level 16. HP: 149/152 MP: 12/12
 21100 | Snake:3  | Noticed Azrael
 21103 | Snake:3  | Noticed Kirke
 21117 | Snake:3  | Killed Azrael
 21120 | Snake:3  | Killed Kirke
 21293 | Snake:3  | Noticed Agnes
 21305 | Snake:3  | Killed Agnes
 21712 | Snake:3  | Found Ibuquaru's Jewellery Shoppe.
 21713 | Snake:3  | Found Ischidio's Gadget Shop.
 21713 | Snake:3  | Found Seastrume's Gadget Shop.
 21721 | Snake:3  | Bought a +3 amulet of reflection for 251 gold pieces
 21755 | Snake:4  | Entered Level 4 of the Snake Pit
 22051 | Snake:4  | Reached skill level 15 in Armour
 22090 | Snake:4  | Reached skill level 15 in Shields
 22093 | Snake:4  | Reached skill level 13 in Fighting
 22144 | Snake:4  | Reached XP level 17. HP: 145/163 MP: 13/13
 22206 | Snake:4  | Reached skill level 15 in Axes
 22266 | Snake:4  | Identified the +0 plate armour of the Yeti {+Blink Int+4 Stlth+} (You found it on level 4 of the Snake Pit)
 22292 | Snake:4  | Reached skill level 15 in Dodging
 22357 | Snake:4  | Got a serpentine rune of Zot
 22939 | Shoals:1 | Entered Level 1 of the Shoals
 23454 | Shoals:1 | You fall through a shaft!
 23534 | Shoals:2 | Noticed a kraken
 23546 | Shoals:2 | Killed a kraken
 23840 | Shoals:2 | Noticed Polyphemus
 23865 | Shoals:2 | Killed Polyphemus
 24406 | Shoals:3 | Noticed Bai Suzhen
 24446 | Shoals:3 | Killed Bai Suzhen
 24487 | Shoals:3 | Gained mutation: You passively map a large area around you. [Deep Dwarf growth]
 24487 | Shoals:3 | Reached XP level 18. HP: 154/174 MP: 14/14
 24614 | Shoals:3 | Noticed Roxanne
 24943 | Shoals:4 | Entered Level 4 of the Shoals
 24955 | Shoals:4 | Noticed Mara
 24956 | Shoals:4 | Noticed kuniqs's illusion
 25003 | Shoals:4 | Noticed kuniqs's illusion
 25005 | Shoals:4 | Noticed Ilsuiw
 25014 | Shoals:4 | Noticed kuniqs's illusion
 25022 | Shoals:4 | Killed Mara
 25034 | Shoals:4 | Noticed Nikola
 25077 | Shoals:4 | Killed Ilsuiw
 25086 | Shoals:4 | Killed Nikola
 25086 | Shoals:4 | Reached skill level 14 in Fighting
 25481 | Shoals:4 | Identified the +1 quick blade of Xubuhib {flame, rC+ Str+4 Int+3} (You found it on level 4 of the Shoals)
 25850 | Shoals:4 | Got a barnacled rune of Zot
 26351 | Elf:1    | Entered Level 1 of the Elven Halls
 26763 | Elf:1    | Found a magical portal.
 26772 | WizLab   | Entered The Roulette of Golubria
 26772 | WizLab   | Found a transporter.
 26775 | WizLab   | Found a corrupted altar of Lugonu.
 26801 | WizLab   | Found a transporter.
 26862 | WizLab   | Found a transporter.
 26862 | WizLab   | Found a transporter.
 26888 | WizLab   | Found a transporter.
 26888 | WizLab   | Found a transporter.
 26927 | WizLab   | Found a transporter.
 26927 | WizLab   | Found a transporter.
 26955 | WizLab   | Found a transporter.
 26958 | WizLab   | Found a transporter.
 26998 | WizLab   | Got a faintly humming cloak
 27002 | WizLab   | Got a spiked cloak
 27028 | WizLab   | Identified the +1 cloak "Qihimat" {rElec SInv} (You found it in a wizard's laboratory)
 27029 | WizLab   | Identified the +0 cloak of Etrat {rC+} (You found it in a wizard's laboratory)
 27665 | Elf:2    | Reached XP level 19. HP: 178/183 MP: 15/15
 27669 | Elf:2    | Noticed a Brimstone Fiend
 27676 | Elf:2    | Noticed a Brimstone Fiend
 28233 | Elf:2    | Found a huge runed gate.
 28233 | Elf:2    | Found a huge runed gate.
 28233 | Elf:2    | Found a huge runed gate.
 28243 | Elf:2    | Found a huge runed gate.
 28243 | Elf:2    | Found a huge runed gate.
 28290 | Elf:3    | Entered Level 3 of the Elven Halls
 28291 | Elf:3    | Found Ysiomiuc's Distillery.
 28661 | Elf:3    | Noticed a Brimstone Fiend
 28943 | Elf:3    | Found the +8 longbow "Zephyr" {speed, Dex+3 SInv}
 28997 | Elf:3    | Got a slimy bone ring
 28998 | Elf:3    | Identified the ring "Rikopoc" {+Inv +Fly rPois AC+5 Int-3} (You found it on level 3 of the Elven Halls)
 29034 | Elf:3    | Identified the +4 buckler of Inevitability {rC+ MR- SInv Stlth+} (You found it on level 3 of the Elven Halls)
 29257 | Elf:3    | Bought a potion of haste for 180 gold pieces
 29257 | Elf:3    | Bought a potion of might for 72 gold pieces
 29257 | Elf:3    | Bought a potion of mutation for 144 gold pieces
 29257 | Elf:3    | Bought a potion of mutation for 144 gold pieces
 29257 | Elf:3    | Bought a potion of resistance for 180 gold pieces
 29258 | Elf:3    | Gained mutation: You have a pair of small horns on your head. [potion of mutation]
 29258 | Elf:3    | Gained mutation: You have large cloven feet. [potion of mutation]
 29259 | Elf:3    | Lost mutation: You have large cloven feet. [potion of mutation]
 29259 | Elf:3    | Lost mutation: You have a pair of small horns on your head. [potion of mutation]
 29259 | Elf:3    | Gained mutation: Your body sometimes deteriorates upon taking damage. [potion of mutation]
 29259 | Elf:3    | Gained mutation: You are agile. (Dex +2) [potion of mutation]
 29483 | Elf:3    | Found a deep blue altar of Sif Muna.
 29836 | Vaults:1 | Entered Level 1 of the Vaults
 29862 | Vaults:1 | Reached skill level 15 in Fighting
 30204 | Vaults:1 | Reached XP level 20. HP: 194/194 MP: 13/13
 31190 | Vaults:2 | Found a staircase to the Crypt.
 31461 | Vaults:2 | Paralysed by a floating eye for 4 turns
 31724 | Vaults:2 | Noticed Donald
 31735 | Vaults:2 | Killed Donald
 32352 | Vaults:3 | Identified the +2 pair of boots "Huist" {Str+2} (You found it on level 3 of the Vaults)
 32992 | Vaults:3 | Reached XP level 21. HP: 204/204 MP: 14/14
 32996 | Vaults:3 | Reached skill level 16 in Fighting
 33146 | Vaults:4 | Found a ruined gateway.
 33165 | Desolati | Entered the Desolation of Salt
 33240 | Desolati | Found the +5 pair of quick blades "Gyre" and "Gimble" {pierce, Dex-3}
 33241 | Desolati | Found the +7 great mace "Undeadhunter" {disrupt, rN+}
 33308 | Desolati | Got a heavily runed iron ring
 33310 | Desolati | Identified the ring of Xotuses {Int+4 Stlth+} (You found it in the Desolation of Salt)
 33853 | Vaults:4 | Found Avamoq's Antique Armour Shop.
 34063 | Vaults:4 | Found Noxezed's Antique Weapon Shoppe.
 34579 | Vaults:4 | Found Gepp's Magic Scroll Shop.
 34752 | Vaults:5 | Entered Level 5 of the Vaults
 34865 | Vaults:5 | Reached XP level 22. HP: 206/216 MP: 15/15
 35100 | Vaults:5 | Reached skill level 17 in Fighting
 35235 | Vaults:5 | Identified the +1 plate armour of the Alphagorgon {+Blink rPois Str+2 Stlth+} (You acquired it on level 5 of the Vaults)
 35366 | Vaults:5 | Noticed a golden dragon
 35378 | Vaults:5 | Killed a golden dragon
 35474 | Vaults:5 | Noticed a golden dragon
 35496 | Vaults:5 | Killed a golden dragon
 35720 | Vaults:5 | Got a silver rune of Zot
 36342 | Vaults:5 | Reached skill level 18 in Fighting
 36484 | Depths:1 | Entered Level 1 of the Depths
 36505 | Depths:1 | Reached XP level 23. HP: 229/229 MP: 16/16
 36598 | Depths:1 | Found Pasarhid's Magic Scroll Emporium.
 36598 | Depths:1 | Found Xisoicli's Armour Shoppe.
 36606 | Depths:1 | Bought a scroll of magic mapping for 38 gold pieces
 36606 | Depths:1 | Bought a scroll of magic mapping for 38 gold pieces
 36786 | Depths:5 | Entered Level 5 of the Depths
 36791 | Depths:5 | Reached skill level 19 in Fighting
 36802 | Depths:5 | Paralysed by a floating eye for 2 turns
 36930 | Depths:5 | Found a gate to the Realm of Zot.
 37033 | Depths:5 | Paralysed by a floating eye for 3 turns
 37034 | Depths:5 | Noticed Jorgrun
 37044 | Depths:5 | Killed Jorgrun
 37099 | Depths:5 | Found a one-way gate to the infinite horrors of the Abyss.
 37194 | Depths:5 | Noticed Margery
 37208 | Depths:5 | Killed Margery
 37208 | Depths:5 | Reached skill level 20 in Fighting
 37247 | Depths:5 | Noticed a caustic shrike
 37255 | Depths:5 | Killed a caustic shrike
 37274 | Depths:5 | Found a gateway to Hell.
 37296 | Depths:5 | Noticed Sojobo
 37321 | Depths:5 | Killed Sojobo
 37323 | Depths:5 | Got a flickering silver ring
 37324 | Depths:5 | Identified the ring of Cheibriados's Outrage {rPois MR+ Int+5 Stlth-} (You found it on level 5 of the Depths)
 37375 | Depths:5 | Found an ancient bone altar of Kikubaaqudgha.
 37444 | Depths:5 | Got a sparkling wooden ring
 37445 | Depths:5 | Identified the ring "Cierch" {Wiz Dex+4} (You found it on level 5 of the Depths)
 37482 | Depths:5 | Found a shimmering altar of Xom.
 37482 | Depths:5 | Noticed a juggernaut
 37496 | Depths:5 | Killed a juggernaut
 37551 | Depths:5 | Got a faintly glowing silver ring
 37552 | Depths:5 | Identified the ring "Meli" {rPois Str+5} (You found it on level 5 of the Depths)
 37602 | Depths:5 | Found a radiant altar of Vehumet.
 37604 | Depths:5 | Reached skill level 21 in Fighting
 37812 | D:10     | You paid a toll of 9 potions of haste to enter a treasure trove
 37813 | Trove    | Entered a treasure trove
 37819 | Trove    | Identified the +12 broad axe of Woe {flame, Dex+4} (You found it in a treasure trove)
 37823 | Trove    | Identified the +1 broad axe "Sarcophage" {flame, rC+ Str+5 Int-3} (You found it in a treasure trove)
 37825 | Trove    | Identified the +1 battleaxe of the Wolf {antimagic, rF+ Dex+4} (You found it in a treasure trove)
 38068 | Zot:1    | Entered Level 1 of the Realm of Zot
 38080 | Zot:2    | Noticed a curse toe
 38090 | Zot:2    | Killed a curse toe
 38121 | Zot:3    | Reached XP level 24. HP: 187/249 MP: 16/16
 38262 | Zot:5    | Entered Level 5 of the Realm of Zot
 38505 | Zot:5    | Reached skill level 22 in Fighting
 38667 | Zot:5    | Identified the cursed +0 pair of boots of Suury {rC- Regen+ Str+2 Dex+6} (You found it on level 5 of the Realm of Zot)
 38701 | Zot:5    | Noticed an ancient lich
 38826 | Zot:5    | Killed an ancient lich
 38847 | Zot:5    | Reached skill level 23 in Fighting
 38862 | Zot:5    | Noticed an orb of fire
 38874 | Zot:5    | Gained mutation: You occasionally shout uncontrollably at your foes. [an orb of fire]
 38875 | Zot:5    | Killed an orb of fire
 38913 | Zot:5    | Reached XP level 25. HP: 265/265 MP: 15/15
 38958 | Zot:5    | Noticed an orb of fire
 38963 | Zot:5    | Gained mutation: Scrolls take you a little longer to read. [an orb of fire]
 38975 | Zot:5    | Killed an orb of fire
 38975 | Zot:5    | Reached skill level 24 in Fighting
 38983 | Zot:5    | Noticed an ancient lich
 38987 | Zot:5    | Noticed an orb of fire
 38992 | Zot:5    | Gained mutation: Armour fits poorly on your strangely shaped body. [an orb of fire]
 38997 | Zot:5    | Killed an ancient lich
 38999 | Zot:5    | Gained mutation: You are weak. (Str -2) [an orb of fire]
 39003 | Zot:5    | Killed an orb of fire
 39020 | Zot:5    | Lost mutation: You are weak. (Str -2) [potion of mutation]
 39020 | Zot:5    | Lost mutation: Armour fits poorly on your strangely shaped body. [potion of mutation]
 39020 | Zot:5    | Gained mutation: Your system is resistant to poisons. (rPois) [potion of mutation]
 39020 | Zot:5    | Gained mutation: You are very agile. (Dex +4) [potion of mutation]
 39020 | Zot:5    | Gained mutation: You have a pair of small horns on your head. [potion of mutation]
 39021 | Zot:5    | Lost mutation: You are very agile. (Dex +4) [potion of mutation]
 39021 | Zot:5    | Lost mutation: You are agile. (Dex +2) [potion of mutation]
 39021 | Zot:5    | Lost mutation: Scrolls take you a little longer to read. [potion of mutation]
 39021 | Zot:5    | Gained mutation: Your muscles are strong. (Str +2) [potion of mutation]
 39021 | Zot:5    | Gained mutation: You are dopey. (Int -2) [potion of mutation]
 39021 | Zot:5    | Gained mutation: Your flesh is heat resistant. (rF+) [potion of mutation]
 39022 | Zot:5    | Lost mutation: You are dopey. (Int -2) [potion of mutation]
 39022 | Zot:5    | Lost mutation: You have a pair of small horns on your head. [potion of mutation]
 39022 | Zot:5    | Lost mutation: Your body sometimes deteriorates upon taking damage. [potion of mutation]
 39022 | Zot:5    | Lost mutation: Your flesh is heat resistant. (rF+) [potion of mutation]
 39022 | Zot:5    | Gained mutation: Armour fits poorly on your strangely shaped body. [potion of mutation]
 39022 | Zot:5    | Gained mutation: Your mind is acute. (Int +2) [potion of mutation]
 39023 | Zot:5    | Lost mutation: Your mind is acute. (Int +2) [potion of mutation]
 39023 | Zot:5    | Lost mutation: You occasionally shout uncontrollably at your foes. [potion of mutation]
 39023 | Zot:5    | Gained mutation: Your flesh is heat resistant. (rF+) [potion of mutation]
 39023 | Zot:5    | Gained mutation: You possess an exceptional clarity of mind. [potion of mutation]
 39024 | Zot:5    | Lost mutation: Your flesh is heat resistant. (rF+) [potion of mutation]
 39024 | Zot:5    | Lost mutation: Your muscles are strong. (Str +2) [potion of mutation]
 39024 | Zot:5    | Lost mutation: You possess an exceptional clarity of mind. [potion of mutation]
 39024 | Zot:5    | Gained mutation: You are frail. (-10% HP) [potion of mutation]
 39024 | Zot:5    | Gained mutation: You tend to lose your temper in combat. [potion of mutation]
 39024 | Zot:5    | Lost mutation: You tend to lose your temper in combat. [potion of mutation]
 39025 | Zot:5    | Lost mutation: You are frail. (-10% HP) [potion of mutation]
 39025 | Zot:5    | Lost mutation: Armour fits poorly on your strangely shaped body. [potion of mutation]
 39025 | Zot:5    | Gained mutation: Your mind is acute. (Int +2) [potion of mutation]
 39025 | Zot:5    | Gained mutation: Your spells are a little easier to cast, but a little less powerful. [potion of mutation]
 39025 | Zot:5    | Gained mutation: Your mind is very acute. (Int +4) [potion of mutation]
 39032 | Zot:5    | Got the Orb of Zot
 39073 | Zot:5    | Noticed an orb of fire
 39074 | Zot:5    | Gained mutation: Your magical capacity is low. (-10% MP) [an orb of fire]
 39081 | Zot:5    | Gained mutation: Your magical capacity is very low. (-20% MP) [an orb of fire]
 39087 | Zot:5    | Killed an orb of fire
 39328 | D:15     | Noticed Ovefua the pandemonium lord
 39344 | D:15     | Killed Ovefua the pandemonium lord
 39532 | D:7      | Reached skill level 25 in Fighting
 39681 | D:$      | Escaped with the Orb!

Vault maps used:
D:1:      erik_arrival_blinker_ship
D:2:      minmay_diamond_boxcup, tso_metal_star,
          nicolae_ru_great_annihilating_truth
D:3:      marbit_many_paths, first_ration, grunt_ministairs_1, uniq_terence
D:4:      temple_fountains, serial_shops, shop, portal_sewer_entry_d,
          kennysheep_generic_room_2
D:5:      grunt_ministairs_15
D:6:      minmay_joined_circles
D:7:      chequers_temple_overflow_statue_of_worship, grunt_livestock
D:8:      kennysheep_mini, zin_statuary, grunt_dithmenos_smoke, serial_shops,
          nicolae_shop_statue_plus, minmay_misc_feat_diagonals, uniq_grum
D:10:     nicolae_trove_entry_free_sample, minmay_gold_behind_fungi,
          nicolae_zen_rock_garden, minmay_misc_feat_roman
D:11:     old_forge, lair_entry_dummy, minmay_misc_feat_five,
          hangedman_abyss_or_decor_stagger, nrook_guardian_serpent_ordinary,
          uniq_harold
D:12:     david_orc_5, hangedman_abyss_or_decor_clamps
D:14:     erik_vaults_2, portal_ice_cave_entry_pillars_1,
          minmay_misc_feat_square
D:15:     gammafunk_depths_entry_grave, basic_altar
Temple:   nicolae_temple_no_exploring_needed
Lair:2:   dummy_snake_entry, lab_entry_generic, basic_altar,
          kennysheep_abandoned_house, lemuel_fruit_tree, grunt_megastairs_5
Lair:3:   cheibrodos_magma_flow, elwin_shoals_entry_rooms
Lair:5:   slime_altar_2
Lair:6:   gammafunk_lair_ancient_temple
Shoals:2: cheibrodos_shoals_three_sisters, uniq_polyphemus
Shoals:3: yaktaur_hedge, uniq_roxanne, uniq_bai_suzhen
Shoals:4: shoals_end_grunt_ice, shoals_ilsuiw_alternative, uniq_mara,
          uniq_nikola
Snake:1:  cheibrodos_toxic_ritual, grunt_ministairs_1, spider_trap,
          nicolae_snake_squiggles, uniq_aizul
Snake:3:  nicolae_snake_biting_tails, minmay_shop_grove, uniq_azrael,
          uniq_kirke, uniq_agnes
Snake:4:  snake_pit, nicolae_snake_lava_pool
Orc:2:    grunt_orc_community_town_hall, grunt_orc_community_big_house_2,
          grunt_orc_community_big_house_1, grunt_orc_community_house_3,
          grunt_orc_community_house_2, grunt_orc_community_house_2,
          grunt_orc_community_house_1, grunt_orc_community_house_1,
          mines4_lemuel, uniq_saint_roka
Elf:1:    elf_arrival_001, mu_enter_wizlab_3, minmay_elf_annihilation
Elf:3:    elf_hall_gauntlet_wide, basic_altar, serial_shops, shop
Vaults:1: nicolae_vaults_little_squares_1, vaults_room_grunt_arrival_ludios,
          ontoclasm_vaults_tryst, vaults_standard_mumra_enter_the_diamond,
          v_rooms_4, nicolae_vaults_network_barrier, v_misc_9,
          hangedman_vaults_snaps, nicolae_vaults_meeting, v_misc_8,
          grunt_vaults_hallway_short, vaults_mumra_chevron_long,
          nicolae_vaults_rhombus_6, vaults_room_pool
Vaults:2: v_misc_11, nicolae_vaults_little_squares_6,
          nicolae_vaults_angled_halls, v_misc_5, v_misc_25,
          grunt_vaults_bifocal, ontoclasm_vaults_chip, v_misc_17, v_misc_33,
          vaults_mumra_hex, hangedman_vaults_stretched_pinwheel,
          nicolae_vaults_little_squares_5, dummy_crypt_entry, uniq_donald
Vaults:3: hangedman_vaults_trim, v_misc_9, hangedman_vaults_unwind,
          hangedman_vaults_variations, ontoclasm_vaults_eye,
          nicolae_vaults_what_the_h, nicolae_vaults_little_ls
Vaults:4: st_star, v_misc_8, v_pattern_5, v_misc_12, v_misc_11,
          vaults_room_semicircle, vaults_room_grid, vaults_room_fours,
          vaults_room_pool, serial_shops, shop, nicolae_shop_stone,
          nicolae_shop_trees, portal_desolation_entry_salt
Vaults:5: serial_shops
Depths:1: grunt_hell_entry_dis_grunt, roderic_serpentine_path,
          kennysheep_generic_room_15, serial_bayou_shore_a, minmay_shoptagon,
          firewood_loft
Depths:2: minmay_strange_plus, enter_ziggurat_a,
          hangedman_decor_clover_reticule, hangedman_coc_ice_floe,
          infiniplex_staircase_star
Depths:3: minmay_the_grid_square_5x5_4x4_mashed, lightli_too_deep,
          nicolae_abyss_entry_one_way_or_another, pan_entry,
          nemelex_xobeh_ov_fountains_minmay, serial_bayou_shore_b
Depths:4: minmay_spriggan_fort, kennysheep_cluttered_room, hell_entry,
          abyss_entry_crystal, serial_shops, shop_statue,
          nemelex_diamond_rough_becter
Depths:5: hangedman_spin_cycle, serial_shops, hell_entry, abyss_entry,
          uniq_jorgrun
Zot:2:    nicolae_lava_and_water, grunt_ministairs_1, lemuel_flame_loot_1
Zot:4:    infiniplex_zot_generator
Zot:5:    grunt_ministairs_2
Lab:      labyrinth_watery, nicolae_lab_checkerboard, nicolae_lab_hexagon,
          nicolae_lab_flowing_pool, nicolae_lab_grate_2, nicolae_lab_dead_end,
          labyrinth_skeletal_remains, lab_block, labyrinth_glass_1
Trove:    trove_weapon_2
IceCv:    ice_cave_statue_garden_teleport
WizLab:   wizlab_golubria

Skill      XL: |  1  2  3  4  5  6  7  8  9 10 11 12 13 14 15 16 17 18 19 20 21 22 23 24 25 |
---------------+----------------------------------------------------------------------------+-----
Dodging        | 1 2 3 4 5 6 7 9 10 11 12 13 14 15 16 17 18 19 20 | 20.0
Fighting       | 3 4 5 6 7 8 9 10 11 12 13 14 15 16 18 21 23 25 | 25.0
Axes           | 3 4 5 6 8 9 10 11 13 14 15 16 17 18 | 18.0
Armour         | 4 5 6 7 8 10 11 12 13 14 15 16 17 18 19 20 | 20.0
Shields        | 4 5 6 7 8 10 11 12 13 14 15 16 17 18 19 20 | 20.0
Invocations    | 2 4 6 |  6.0

Action                   |  1- 3 |  4- 6 |  7- 9 | 10-12 | 13-15 | 16-18 | 19-21 | 22-24 | 25-27 || total
-------------------------+-------+-------+-------+-------+-------+-------+-------+-------+-------++-------
Melee: War axe           |   146 |    70 |       |       |       |       |       |       |       ||   216
       Falchion          |       |    96 |   381 |   447 |       |       |       |       |       ||   924
       Double sword      |       |       |       |   416 |  1178 |       |       |       |       ||  1594
       Short sword       |       |       |       |     7 |    16 |       |       |       |       ||    23
       Broad axe         |       |       |       |       |   390 |  1709 |  1418 |  1108 |   201 ||  4826
Throw: Throwing net      |       |       |       |     1 |       |       |       |       |       ||     1
Invok: Lesser Servant of |       |       |       |     5 |     6 |       |       |       |       ||    11
 Abil: Heal Wounds       |     1 |     3 |     6 |     9 |    19 |     2 |    10 |     4 |       ||    54
Evoke: Wand              |       |       |       |     7 |    12 |     4 |     2 |     3 |       ||    28
       Lamp of fire      |       |       |       |     1 |     1 |       |       |       |       ||     2
  Use: Scroll            |     2 |       |    14 |     9 |    12 |     9 |    13 |    35 |       ||    94
       Potion            |       |       |     2 |       |       |     2 |     2 |     3 |     7 ||    16
 Stab: Distracted        |       |       |       |     1 |     2 |     1 |     2 |     1 |       ||     7
       Petrified         |       |       |       |       |       |     9 |       |       |       ||     9
  Eat: Chunk             |     1 |     5 |     8 |    23 |    23 |    21 |    22 |    10 |       ||   113
       Ration            |       |       |     1 |     4 |     2 |     2 |     1 |     4 |       ||    14
Armor: Scale mail        |    70 |    74 |   175 |   208 |       |       |       |       |       ||   527
       Plate armour      |       |       |       |   162 |  1025 |   345 |       |       |       ||  1532
       Storm dragon scal |       |       |       |       |       |   156 |   224 |   188 |       ||   568
       Gold dragon scale |       |       |       |       |       |       |       |    75 |    30 ||   105
Dodge: Dodged            |    60 |    73 |   171 |   398 |   889 |   783 |   395 |   550 |    39 ||  3358
       Deflected         |       |       |     1 |    13 |    25 |    63 |       |       |       ||   102
Block: Shield            |    99 |   109 |   250 |   145 |       |       |       |       |       ||   603
       Large shield      |       |       |       |   777 |  2299 |  2316 |  1271 |  1232 |   188 ||  8083
       Reflection        |       |       |       |       |       |   203 |   123 |    74 |     1 ||   401
       Rpst.: Falchion   |       |    15 |    60 |    76 |       |       |       |       |       ||   151
       Double sword      |       |       |       |    44 |   169 |       |       |       |       ||   213

Table legend:
 A = Spawn XP
 B = Non-spawn XP
 C = Spawn XP percentage of total XP
 D = Spawn monster count
 E = Non-spawn monster count
 F = Spawn count percentage of total count
 G = Total turns spent on level
                    A         B        C        D         E        F      G
               +---------+---------+-------+---------+---------+-------+---------
         Total |       0 | 1224954 |   0.0 |       0 |    2049 |   0.0 | 39681
               +---------+---------+-------+---------+---------+-------+---------
           D:1 |       0 |      58 |   0.0 |       0 |      25 |   0.0 |   974
           D:2 |       0 |     115 |   0.0 |       0 |      35 |   0.0 |   779
           D:3 |       0 |     183 |   0.0 |       0 |      28 |   0.0 |   686
           D:4 |       0 |     682 |   0.0 |       0 |      35 |   0.0 |  1168
           D:5 |       0 |     334 |   0.0 |       0 |      17 |   0.0 |   524
           D:6 |       0 |    1018 |   0.0 |       0 |      26 |   0.0 |  1207
           D:7 |       0 |    2011 |   0.0 |       0 |      32 |   0.0 |   483
           D:8 |       0 |    2450 |   0.0 |       0 |      32 |   0.0 |   786
           D:9 |       0 |    2733 |   0.0 |       0 |      23 |   0.0 |   752
          D:10 |       0 |    2891 |   0.0 |       0 |      19 |   0.0 |   974
          D:11 |       0 |    8101 |   0.0 |       0 |      63 |   0.0 |  1229
          D:12 |       0 |    3180 |   0.0 |       0 |      38 |   0.0 |   916
          D:13 |       0 |    5544 |   0.0 |       0 |      31 |   0.0 |   869
          D:14 |       0 |   21748 |   0.0 |       0 |      49 |   0.0 |  1108
          D:15 |       0 |   15089 |   0.0 |       0 |      35 |   0.0 |  1186
        Lair:1 |       0 |    2234 |   0.0 |       0 |       9 |   0.0 |   682
        Lair:2 |       0 |    2164 |   0.0 |       0 |      18 |   0.0 |   901
        Lair:3 |       0 |    9248 |   0.0 |       0 |      44 |   0.0 |  1073
        Lair:4 |       0 |     545 |   0.0 |       0 |       3 |   0.0 |   696
        Lair:5 |       0 |    2077 |   0.0 |       0 |       6 |   0.0 |   734
        Lair:6 |       0 |   25405 |   0.0 |       0 |      72 |   0.0 |   945
      Shoals:1 |       0 |   15793 |   0.0 |       0 |      28 |   0.0 |   770
      Shoals:2 |       0 |   22613 |   0.0 |       0 |      30 |   0.0 |   703
      Shoals:3 |       0 |   19671 |   0.0 |       0 |      31 |   0.0 |   587
      Shoals:4 |       0 |   52531 |   0.0 |       0 |      76 |   0.0 |  1128
       Snake:1 |       0 |   22645 |   0.0 |       0 |      45 |   0.0 |   717
       Snake:2 |       0 |   11422 |   0.0 |       0 |      22 |   0.0 |   718
       Snake:3 |       0 |   25238 |   0.0 |       0 |      48 |   0.0 |   977
       Snake:4 |       0 |   48976 |   0.0 |       0 |      86 |   0.0 |  1033
         Orc:1 |       0 |    6040 |   0.0 |       0 |      21 |   0.0 |   432
         Orc:2 |       0 |   11684 |   0.0 |       0 |     142 |   0.0 |  1017
         Elf:1 |       0 |   14034 |   0.0 |       0 |      25 |   0.0 |   989
         Elf:2 |       0 |   22712 |   0.0 |       0 |      41 |   0.0 |   771
         Elf:3 |       0 |   42625 |   0.0 |       0 |      42 |   0.0 |  1325
      Vaults:1 |       0 |   70999 |   0.0 |       0 |     109 |   0.0 |  1227
      Vaults:2 |       0 |   47084 |   0.0 |       0 |      84 |   0.0 |  1138
      Vaults:3 |       0 |   37690 |   0.0 |       0 |      58 |   0.0 |   954
      Vaults:4 |       0 |   85556 |   0.0 |       0 |     112 |   0.0 |  1444
      Vaults:5 |       0 |  129705 |   0.0 |       0 |     106 |   0.0 |  1600
      Depths:1 |       0 |   43225 |   0.0 |       0 |      53 |   0.0 |   326
      Depths:5 |       0 |  109613 |   0.0 |       0 |      80 |   0.0 |   919
         Zot:1 |       0 |    2008 |   0.0 |       0 |       1 |   0.0 |    26
         Zot:2 |       0 |    4658 |   0.0 |       0 |       1 |   0.0 |    25
         Zot:3 |       0 |   17803 |   0.0 |       0 |      10 |   0.0 |   142
         Zot:4 |       0 |   32939 |   0.0 |       0 |      25 |   0.0 |   132
         Zot:5 |       0 |  186173 |   0.0 |       0 |      68 |   0.0 |   828
           Lab |       0 |    2491 |   0.0 |       0 |      10 |   0.0 |   315
         IceCv |       0 |    1368 |   0.0 |       0 |       7 |   0.0 |    58
        WizLab |       0 |    9942 |   0.0 |       0 |      15 |   0.0 |   280
    Desolation |       0 |   19906 |   0.0 |       0 |      33 |   0.0 |   238
               +---------+---------+-------+---------+---------+-------+---------
